AoeStats
← CamperCarl

Arena

508626119Analyzed
2v2 RM · 10d ago on Sep 23, 2026· 28m 59s· 4 players
Game mode
Random Map
Map size
Medium (4 player)
Population
200
Speed
Normal
Resources
Standard
Victory
Conquest
Starting age
Dark Age
Ending age
Imperial Age
RankedLock teamsTeams togetherTeam positionsShared explorationLock speedFull tech treeHidden civsTurbo modeCheats
Victory
Defeat
🇦🇺 Spanish · Australia
1365
+15
🇦🇺 Saxons · Australia
1314
+17
🇲🇦 Teutons · Morocco
1379
-17
🇲🇦 Malians · Morocco
1305
-15
CamperCarl
8:44 Feudal Age
7:08 Loom
9:33 Double-Bit Axe
13:29 Fletching
21:19 Castle Age
19:15 Horse Collar
22:02 Bodkin Arrow
23:09 Scale Mail Armor
24:36 Chain Mail Armor
26:38 Heavy Plow
29:46 Wheelbarrow
28:59 Town Watch
GI
8:16 Loom
10:02 Feudal Age
14:33 Castle Age
Rock_Bottom
11:12 Feudal Age
9:28 Loom
11:41 Double-Bit Axe
12:51 Fletching
14:31 Horse Collar
16:36 Wheelbarrow
16:32 Stone Mining
21:26 Castle Age
22:10 Bodkin Arrow
22:40 Bow Saw
22:32 Heavy Plow
ChO@s
5:36 Loom
8:19 Feudal Age
15:47 Double-Bit Axe
16:29 Fletching
20:05 Scale Mail Armor
24:36 Castle Age
22:42 Town Watch
24:17 Forging
25:36 Bow Saw
26:34 Chain Mail Armor
27:22 Horse Collar
Connection lost

Rejoining the realm…

Still unreachable

The connection could not be restored.

Session expired

The server has moved on; the page needs a fresh start.